 Dungeon Crawl Stone Soup version 0.21.1-1-g345015f (webtiles) character file.

275 diana the Slasher (level 6, -9/56 HPs)
             Began as a Draconian Fighter on July 6, 2018.
             Mangled by Edmund
             ... wielding a +7 dire flail of draining
              (15 damage)
             ... on level 3 of the Dungeon.
             The game lasted 00:06:53 (3083 turns).

diana the Slasher (Draconian Fighter)               Turns: 3083, Time: 00:06:53

Health: -9/56      AC:  6    Str: 19 (20) XL:     6   Next: 3%
Magic:  0/6        EV:  8    Int: 12 (13) God:
Gold:   127        SH:  7    Dex:  9 (11) Spells: 5/5 levels left

rFire    . . .     SeeInvis .   a - +0 long sword
rCold    . . .     Gourm    .   b - +0 shield
rNeg     . . .     Faith    .   (armour unavailable)
rPois    .         Spirit   +   (helmet restricted)
rElec    .         Reflect  .   (no cloak)
rCorr    .         Harm     .   (no gloves)
MR       .....                  (no boots)
Stlth    +.........             i - amulet of guardian spirit
HPRegen  0.18/turn              (no ring)
MPRegen  0.10/turn              (no ring)

@: brilliant, very heavily drained
A: unfitting armour, cold-blooded, AC +6
a: no special abilities


You were on level 3 of the Dungeon.
You were very hungry.

You visited 1 branch of the dungeon, and saw 4 of its levels.

You collected 127 gold pieces.

Inventory:

Hand Weapons
 a - a +0 long sword (weapon)
Armour
 b - a +0 shield (worn)
Jewellery
 i - an amulet of guardian spirit (around neck)
Scrolls
 e - a scroll of remove curse {unknown}
 f - a scroll of enchant armour {unknown}
 g - a scroll of random uselessness {unknown}
 k - 3 scrolls of magic mapping
 m - a scroll of immolation {unknown}
 o - a scroll of identify {unknown}
Comestibles
 d - 4 rations


   Skills:
 + Level 5.0(1.0) Fighting
 * Level 5.3(1.3) Long Blades
 - Level 2.6(0.0) Dodging
 - Level 3.0(0.0) Shields


You had 5 spell levels left.
You didn't know any spells.

Dungeon Overview and Level Annotations

Branches:
Dungeon (4/15)
 Temple: D:4-7

Altars:
The Shining One

Annotations:
D:3 2 transporters, Edmund


Innate Abilities, Weirdness & Mutations

Your plain brown scales are hard. (AC +6)
You cannot fit into any form of body armour.
You are cold-blooded and may be slowed by cold attacks.


Message History

You feel drained.
You closely miss Edmund. You tail-slap Edmund, but do no damage.
Edmund is heavily wounded.
Edmund hits you but does no damage.
You feel drained.
You closely miss Edmund.
Edmund is heavily wounded.
Edmund hits you with a dire flail of draining!
* * * LOW HITPOINT WARNING * * *
You feel drained.
* * * LOW HITPOINT WARNING * * *
You block Edmund's attack.
You feel clever all of a sudden.
Edmund hits you with a dire flail of draining.
* * * LOW HITPOINT WARNING * * *
You feel drained.
* * * LOW HITPOINT WARNING * * *
You closely miss Edmund.
Edmund is heavily wounded.
Edmund hits you with a dire flail of draining!
You die...

.....###.# .........#
.........########################
...>..(..............))..........
........########..###.........###
######### #..###.....)...# ...###
##....#.........# .....##
####...#.#.........# ......##
#....@...#.........# ###....###
####.@.............# #
###..).#### #....##.####.##.# #
##......###............##.# #
##......#....######...##.### #
###.........##.............
##############....##.##.#########
..[.......#.##...<##.##.....# #
.......#..#.##....##.##.###.#####


You could see Edmund.

Vanquished Creatures
  2 orc priests (D:3)
  Robin (D:2)
  6 adders
  3 gnolls (D:3)
  A howler monkey skeleton (D:4)
  A worm (D:3)
  A dart slug (D:1)
  3 leopard geckos
  12 orcs
  8 bats
  2 giant cockroaches (D:3)
  15 goblins
  11 hobgoblins
  11 jackals
  3 ball pythons
  2 frilled lizards (D:3)
  3 kobolds
  5 rats
90 creatures vanquished.

Notes
Turn   | Place    | Note
-------+----------+-------------------------------------------
     0 | D:1      | diana the Draconian Fighter began the quest for the Orb.
     0 | D:1      | Reached XP level 1. HP: 19/19 MP: 1/1
    45 | D:1      | Reached XP level 2. HP: 11/26 MP: 2/2
   766 | D:2      | Reached XP level 3. HP: 33/33 MP: 3/3
   908 | D:2      | Noticed Robin
   926 | D:2      | Killed Robin
   950 | D:2      | Reached XP level 4. HP: 8/40 MP: 4/4
  1566 | D:2      | Found a glowing golden altar of the Shining One.
  1758 | D:3      | Found a transporter.
  1790 | D:3      | Found a transporter.
  1874 | D:3      | Reached XP level 5. HP: 37/47 MP: 5/5
  2300 | D:3      | Reached skill level 5 in Long Blades
  2355 | D:3      | Found a faded altar of an unknown god.
  2620 | D:4      | Noticed a phantom
  2801 | D:3      | Reached skill level 5 in Fighting
  2846 | D:4      | Reached XP level 6. HP: 56/56 MP: 6/6
  2854 | D:4      | Noticed Edmund
  3083 | D:3      | Mangled by Edmund

Skill      XL: |  1  2  3  4  5 |
---------------+----------------+-----
Long Blades    | 3 4 5 |  5.3
Fighting       | 4 5 |  5.0
Dodging        | |  2.6
Shields        | |  3.0

Action                   |  1- 3 |  4- 6 || total
-------------------------+-------+-------++-------
Melee: Long sword        |    80 |   178 ||   258
       Tailslap          |     5 |    19 ||    24
Throw: Throwing net      |       |     1 ||     1
  Use: Potion            |       |     8 ||     8
       Scroll            |       |     1 ||     1
 Stab: Sleeping          |     1 |       ||     1
  Eat: Chunk             |       |     6 ||     6
Armor: Skin              |    30 |    66 ||    96
Dodge: Dodged            |    35 |   107 ||   142
Block: Shield            |    44 |   104 ||   148
       Rpst.: Long sword |    11 |    29 ||    40
